 Dungeon Sprint DCSS version 0.30-a0-34-gbe8da3892a (webtiles) character file.

Game seed: 3689167666721636696

2113 mhtbhm the Eclecticist (level 9, -3/49 HPs)
             Began as a Deep Elf Fire Elementalist on Aug 27, 2022.
             Was an Elder of Vehumet.
             Slain by Erolcha
             ... wielding a +0 giant club
              (7 damage)
             ... in the Dungeon (Sprint III: "The Ten Rune Challenge").
             The game lasted 00:04:45 (2052 turns).

mhtbhm the Eclecticist (Deep Elf Fire Elementalist) Turns: 2052, Time: 00:04:45

Health: -3/49      AC:  2    Str:  4    XL:     9   Next: 8%
Magic:  15/31      EV: 14    Int: 29    God:    Vehumet [****..]
Gold:   28         SH:  0    Dex: 14    Spells: 19/41 levels left

rFire   . . .      SeeInvis .    (no weapon)
rCold   . . .      Faith    .    (no shield)
rNeg    . . .      Spirit   .    a - +0 robe
rPois   .          Reflect  .    (no helmet)
rElec   .          Harm     .    (no cloak)
rCorr   .          Rampage  .    (no gloves)
Will    .....      NoTele   +    (no boots)
Stlth   +++.......               (no amulet)
HPRegen 0.16/turn                (no ring)
MPRegen 0.22/turn                (no ring)

@: no status effects
A: clever 1
a: Renounce Religion


You were in the Dungeon.
You worshipped Vehumet.
Vehumet was greatly pleased with you.
You visited 1 branch You collected 28 gold pieces.

Inventory:

Hand Weapons
 o - a +1 long sword of holy wrath
Missiles
 h - 5 poisoned darts (quivered)
Armour
 a - a +0 robe (worn)
Wands
 e - a wand of quicksilver (10)
Scrolls
 g - a scroll of blinking
 i - 2 scrolls of poison {unknown}
 j - 2 scrolls of identify {unknown}
Potions
 b - a potion of magic
 c - a potion of curing
 d - 2 potions of mutation
 f - a potion of berserk rage
 k - a potion of cancellation {unknown}
 l - 2 potions of flight
 m - a potion of experience {unknown}
 n - a potion of heal wounds
 p - a potion of might


   Skills:
 + Level 2.7 Fighting
 + Level 0.2 Throwing
 + Level 5.8 Dodging
 + Level 4.3 Stealth
 + Level 16.6 Spellcasting
 + Level 5.2 Conjurations
 + Level 2.4 Hexes
 + Level 15.2 Fire Magic


You had 19 spell levels left.
You knew the following spells:

 Your Spells              Type           Power      Damage    Failure   Level
a - Foxfire               Conj/Fire      100%       2x1d9     1%          1
b - Scorch                Fire           100%       2d10      0%          2
c - Conjure Flame         Conj/Fire      70%        6-21      1%          3
d - Inner Flame           Hex/Fire       66%        N/A       1%          3
e - Flame Wave            Conj/Fire      70%        2d16      1%          4
f - Sticky Flame          Conj/Fire      70%        2d8       1%          4
g - Poisonous Vapours     Pois/Air       48%        N/A       1%          2
h - Ignite Poison         Fire/Tmut/Pois 52%        N/A       1%          3

Your spell library contained the following spells:

 Spells                   Type           Power      Damage    Failure   Level
 Airstrike                Air            12%        2d(2-18)  5%          4
 Starburst                Conj/Fire      35%        6d10      1%          6
 Ignition                 Fire           42%        3d12      7%          8


Dungeon Overview and Level Annotations

Branches:
Dungeon (1/1)

Altars:
Cheibriados
Dithmenos
Elyvilon
Fedhas
Gozag
Hepliaklqana
Kikubaaqudgha
Makhleb
Nemelex Xobeh
Okawaru
Qazlal
Ru
Sif Muna
Trog
Uskayaw
Vehumet
Wu Jian
Xom
Yredelemnul
Zin
The Shining One
Jiyva
Lugonu

Annotations:
D Erolcha


Innate Abilities, Weirdness & Mutations

Your mind is acute. (Int +4, Str/Dex -1)


Message History

Casting: Flame Wave (safe; 1% risk of failure)
Press: ? - help, Dir - look around, f - activate
Okay, then.
Casting: Flame Wave (safe; 1% risk of failure)
Confirm with . or Enter, or press ? or * to list all spells.
Flames lash the redback.
The redback is lightly wounded.
The redback's fire resistance burns away.
The redback bites you!
Casting: Scorch (safe; 0% risk of failure)
Confirm with . or Enter, or press ? or * to list all spells.
Casting: Flame Wave (safe; 1% risk of failure)
Press: ? - help, Dir - look around, f - activate A wave of flame ripples out!
The flame wave engulfs the redback!
The redback is heavily wounded. (Press . to intensify the flame waves.)
The redback bites you!
A wave of flame ripples out!
The flame wave engulfs the redback!
You kill the redback!
Vehumet accepts your kill.
The flame wave engulfs the redback!!
The redback is burned terribly!
You kill the redback!
Vehumet accepts your kill.
Vehumet is now extending the range of your destructive spells.
Your Fire Magic skill increases to level 15!
You have reached level 9!
Your experience leads to an increase in your attributes!
Your base attributes are Str 5, Int 23, Dex 15.
Increase (S)trength, (I)ntelligence, or (D)exterity?
You feel clever. x2
A wave of flame ripples out!
The flame wave engulfs something!
Unknown command.
Casting: Flame Wave (safe; 1% risk of failure)
Confirm with . or Enter, or press ? or * to list all spells.
You can't see any susceptible monsters within range! (Use Z to cast anyway.)
A wave of flame ripples out!
The flame wave engulfs something!
You finish channelling waves of flame.
Something hits you!!
* * * LOW HITPOINT WARNING * * *
Something hits you!
You die...

#._# #)## ÷..# ...# ##'#
...#+##############
...#....#.#.#.....#
...##.#..#.##.###.#
...'##.#.#.##)#.@##
...#.).#..#..##.){†.....
▓▓▓▓▓▓▓▓▓▓▓▓▓▓▓▓▓#......
...... ...^. ..^^. ####


There were no monsters in sight!

Vanquished Creatures
  A deep elf pyromancer (D)
  A shadow (D)
  2 redbacks (D)
  5 two-headed ogres (D)
  A necrophage (D)
  A water elemental (D)
  A jelly (D)
  A wizard (D)
  A necromancer (D)
  3 humans (D)
  A kobold demonologist (D)
  A wolf (D)
  4 rats (D)
23 creatures vanquished.

Vanquished Creatures (others)
  34 foxfires (D)
34 creatures vanquished.

Grand Total: 57 creatures vanquished

Notes
Turn   | Place    | Note
-------+----------+-------------------------------------------
     0 | D        | mhtbhm the Deep Elf Fire Elementalist began the quest for
                  | the Orb.
     0 | D        | Reached XP level 1. HP: 10/10 MP: 6/6
   214 | D        | Reached skill level 4 in Spellcasting
   214 | D        | Reached skill level 5 in Fire Magic
   214 | D        | Reached XP level 2. HP: 2/15 MP: 3/9
   398 | D        | Learned a level 2 spell: Scorch
   487 | D        | Reached skill level 5 in Spellcasting
   487 | D        | Reached XP level 3. HP: 19/19 MP: 5/11
   534 | D        | Gained mutation: Your mind is acute. (Int +4, Str/Dex -1)
                  | [potion of mutation]
   552 | D        | Learned a level 3 spell: Conjure Flame
   556 | D        | Learned a level 3 spell: Inner Flame
   560 | D        | Noticed a water elemental
   564 | D        | Killed a water elemental
   565 | D        | Reached skill level 6 in Spellcasting
   565 | D        | Reached XP level 4. HP: 24/24 MP: 6/14
   627 | D        | Found a radiant altar of Vehumet.
   628 | D        | Found a shimmering blue altar of Sif Muna.
   628 | D        | Found an ancient bone altar of Kikubaaqudgha.
   628 | D        | Noticed a wizard
   631 | D        | Killed a wizard
   632 | D        | Reached skill level 7 in Spellcasting
   632 | D        | Noticed a rust devil
   957 | D        | Got the Spellbook of Fiery Intoxication
   961 | D        | Became a worshipper of Vehumet
  1001 | D        | Found a basalt altar of Yredelemnul.
  1001 | D        | Found a shadowy altar of Dithmenos.
  1001 | D        | Found a sacrificial altar of Ru.
  1001 | D        | Noticed a necrophage
  1004 | D        | Killed a necrophage
  1005 | D        | Reached skill level 8 in Spellcasting
  1005 | D        | Reached XP level 5. HP: 28/28 MP: 12/18
  1007 | D        | Reached skill level 9 in Spellcasting
  1072 | D        | Found a glowing silver altar of Zin.
  1072 | D        | Found a glowing golden altar of the Shining One.
  1072 | D        | Found a white marble altar of Elyvilon.
  1072 | D        | Noticed a deep elf pyromancer
  1076 | D        | Killed a deep elf pyromancer
  1076 | D        | Reached * piety under Vehumet
  1076 | D        | Offered knowledge of Magic Dart by Vehumet.
  1077 | D        | Reached skill level 1 in Fighting
  1077 | D        | Reached skill level 5 in Dodging
  1077 | D        | Reached skill level 13 in Spellcasting
  1077 | D        | Reached XP level 6. HP: 27/34 MP: 10/24
  1077 | D        | Reached XP level 7. HP: 30/38 MP: 10/25
  1092 | D        | Learned a level 4 spell: Flame Wave
  1097 | D        | Learned a level 4 spell: Sticky Flame
  1100 | D        | Learned a level 2 spell: Poisonous Vapours
  1104 | D        | Learned a level 3 spell: Ignite Poison
  1152 | D        | Found a hide-covered altar of Uskayaw.
  1152 | D        | Found an iron altar of Okawaru.
  1152 | D        | Found a bloodstained altar of Trog.
  1152 | D        | Found an ornate altar of the Wu Jian Council.
  1152 | D        | Noticed a human
  1152 | D        | Noticed a human
  1156 | D        | Killed a human
  1159 | D        | Killed a human
  1160 | D        | Reached skill level 14 in Spellcasting
  1398 | D        | Noticed a shadow
  1400 | D        | Killed a shadow
  1400 | D        | Offered knowledge of Static Discharge by Vehumet.
  1400 | D        | Reached ** piety under Vehumet
  1401 | D        | Reached XP level 8. HP: 44/44 MP: 21/28
  1439 | D        | Found a blossoming altar of Fedhas.
  1439 | D        | Found a stormy altar of Qazlal.
  1439 | D        | Found a snail-covered altar of Cheibriados.
  1439 | D        | Found a burning altar of Makhleb.
  1439 | D        | Found a shimmering altar of Xom.
  1440 | D        | Found a hazy altar of Hepliaklqana.
  1440 | D        | Found an opulent altar of Gozag.
  1440 | D        | Found a sparkling altar of Nemelex Xobeh.
  1440 | D        | Found a corrupted altar of Lugonu.
  1440 | D        | Found a viscous altar of Jiyva.
  1647 | D        | Offered knowledge of Dazzling Flash by Vehumet.
  1648 | D        | Reached skill level 15 in Spellcasting
  1650 | D        | Reached *** piety under Vehumet
  1762 | D        | Noticed a two-headed ogre
  1767 | D        | Killed a two-headed ogre
  2041 | D        | Noticed a two-headed ogre
  2041 | D        | Noticed Erolcha
  2045 | D        | Killed a two-headed ogre
  2045 | D        | Offered knowledge of Airstrike by Vehumet.
  2046 | D        | Reached skill level 16 in Spellcasting
  2046 | D        | Reached skill level 5 in Conjurations
  2049 | D        | Reached **** piety under Vehumet
  2050 | D        | Reached skill level 15 in Fire Magic
  2050 | D        | Reached XP level 9. HP: 23/49 MP: 16/31
  2052 | D        | Slain by Erolcha

Illustrated notes

Levels and vault maps discovered:
D:        dungeon_sprint_mu [sprint_mu_entry_forest, sprint_mu_temple_rooms,
          sprint_mu_d1_spiders, sprint_mu_d2_genie, sprint_mu_d3_branching,
          sprint_mu_orc_legion, sprint_mu_elf_gauntlet, sprint_mu_hive_nellie,
          sprint_mu_lair_fedhas, sprint_mu_vaults_butterflies,
          sprint_mu_slime_circle, sprint_mu_swamp_cave, sprint_mu_shoals_archi,
          sprint_mu_blade_basic, sprint_mu_crypt_chambers,
          sprint_mu_tomb_spiral, sprint_mu_vestibule_basic,
          sprint_mu_gehenna_hellfire, sprint_mu_dis_giant,
          sprint_mu_tartarus_statrot, sprint_mu_cocytus_islands, sprint_mu_zot1]

Skill      XL: |  1  2  3  4  5  6  7  8 |
---------------+-------------------------+-----
Fire Magic     | 5 7 9 12 13 15 | 15.2
Dodging        | 3 4 5 |  5.8
Spellcasting   | 4 5 6 8 13 14 16 | 16.6
Stealth        | 3 4 |  4.3
Conjurations   | 2 3 4 5 |  5.2
Fighting       | 1 2 |  2.7
Hexes          | 2 |  2.4
Throwing       | |  0.2

Action                   |  1- 3 |  4- 6 |  7- 9 || total
-------------------------+-------+-------+-------++-------
Throw: Dart              |     1 |       |       ||     1
 Cast: Foxfire           |    19 |     5 |     1 ||    25
       Scorch            |     3 |    19 |    11 ||    33
       Inner Flame       |       |     1 |       ||     1
       Flame Wave        |       |       |    10 ||    10
  Use: Potion            |     3 |     2 |       ||     5
Armor: Robe              |       |     2 |       ||     2
Dodge: Dodged            |     7 |     7 |    11 ||    25

Table legend: (Time is in decaauts)
 A = Elapsed time spent in this place.
 B = Non-inter-level travel time spent in this place.
 C = Inter-level travel time spent in this place.
 D = Time resting spent in this place.
 E = Time spent auto-exploring this place.
 F = Levels seen in this place.
 G = Mean time per level.
                   A        B        C        D        E       F      G
               +--------+--------+--------+--------+--------+-----+--------+
         Total |   2036 |   2036 |      0 |   1647 |     25 |   1 | 2036.0 |
       Dungeon |   2036 |   2036 |      0 |   1647 |     25 |   1 | 2036.0 |
               +--------+--------+--------+--------+--------+-----+--------+

Top non-repeatable levels by time:
       D: 2036 daAuts
